 Dungeon Crawl Stone Soup version 0.20.0-7-g3b7b877 (webtiles) character file.

556 straycat the Sneak (level 7, -2/52 HPs)
             Began as a Vampire Wanderer on May 29, 2017.
             Slain by a slave (8 damage)
             ... led by Pikel
             ... on level 4 of the Dungeon.
             The game lasted 00:23:16 (3060 turns).

straycat the Sneak (Vampire Wanderer)               Turns: 3060, Time: 00:23:16

Health: -2/52      AC:  5    Str:  8    XL:     7   Next: 8%
Magic:  8/9        EV: 11    Int: 14    God:
Gold:   256        SH:  0    Dex: 16    Spells: 5/9 levels left

rFire    . . .     SeeInvis +   a - +2 hand crossbow
rCold    . . .     Gourm    .   (no shield)
rNeg     + . .     Faith    .   q - +0 ring mail
rPois    .         Spirit   .   (no helmet)
rElec    .         Reflect  .   (no cloak)
rCorr    .         Harm     .   (no gloves)
MR       .....                  (no boots)
Stlth    ++........             (no amulet)
Regen    0.2/turn               x - -3 ring of strength (curse)
MPRegen  0.2/turn               (no ring)

@: very slightly contaminated
A: fangs 3, see invisible, unbreathing
a: Bat Form


You were on level 4 of the Dungeon.
You were not thirsty.

You visited 1 branch of the dungeon, and saw 4 of its levels.

You collected 256 gold pieces.

Inventory:

Hand Weapons
 a - a +2 hand crossbow (weapon)
 c - a +0 mace
 k - a +0 short sword
 r - a +0 spear
 G - a +2 scythe of slicing
Missiles
 l - 91 stones (quivered)
 t - 37 arrows
 u - 13 javelins
Armour
 e - a +0 robe
 j - a +0 leather armour
 q - a +0 ring mail (worn)
 D - a +0 chain mail
 E - a +0 plate armour
Jewellery
 x - a cursed -3 ring of strength (left hand)
Scrolls
 b - a scroll of enchant armour {unknown}
 g - 3 scrolls of identify {unknown}
 h - 2 scrolls of random uselessness {unknown}
 i - a scroll of recharging {unknown}
 m - a scroll of fog {unknown}
 o - 3 scrolls of amnesia {unknown}
 s - 5 scrolls of teleportation {unknown}
 w - a scroll of blinking {unknown}
 A - a scroll of remove curse {unknown}
Potions
 f - 23 potions of blood
 n - a potion of degeneration {unknown}
 p - 3 potions of haste
 v - a potion of mutation {unknown}
 z - 2 potions of curing
 C - 2 potions of heal wounds {unknown}
 F - 2 potions of ambrosia {unknown}
 H - 2 potions of berserk rage {unknown}
 I - a potion of agility {unknown}
Books
 d - Maocvag's Reference Book on Snow

   Spells                             Type                      Level
   a - Freeze                         Ice                          1
   b - Ozocubu's Armour               Charms/Ice                   3
 B - a book of Maledictions

   Spells                             Type                      Level
   a - Corona                         Hexes                        1
   b - Ensorcelled Hibernation        Hexes/Ice                    2
   c - Confuse                        Hexes                        3
   d - Tukima's Dance                 Hexes                        3
   e - Dazzling Spray                 Conjuration/Hexes            3


   Skills:
 * Level 3.6 Fighting
 + Level 2.7 Short Blades
 - Level 2.4 Crossbows
 + Level 1.6 Armour
 * Level 3.7 Dodging
 + Level 4.4 Stealth
   Level 1.0 Shields
 + Level 1.9 Spellcasting
 + Level 2.4 Hexes
 - Level 3.0 Ice Magic


You had 5 spell levels left.
You knew the following spells:

 Your Spells              Type           Power        Failure   Level  Hunger
a - Corona                Hex            #......      26%         1    ##.....
b - Ensorcelled Hibernat  Hex/Ice        #.....       34%         2    ###....
c - Freeze                Ice            #...         22%         1    ##.....


Dungeon Overview and Level Annotations

Branches:
Dungeon (4/15)
 Temple: D:4-7

Altars:
Nemelex Xobeh
Okawaru

Annotations:
D:4 Pikel


Innate Abilities, Weirdness & Mutations

You have razor-sharp teeth.
You have supernaturally acute eyesight. (SInv)
You can survive without breathing.


Message History

Aim: Pikel, wielding a whip of freezing and wearing a glowing robe (heavily wounded)
You miscast Freeze.
You are very lightly contaminated with residual magic.
You feel a strange surge of energy! The slave hits you.
* * * LOW HITPOINT WARNING * * *
The slave hits you but does no damage. The slave hits you.
* * * LOW HITPOINT WARNING * * *
Pikel closely misses you. The slave closely misses you.
It was a potion of curing.
You feel better.
The slave hits you but does no damage. x2; The slave barely misses you.
Pikel barely misses you. The slave closely misses you.
Firing (i - inventory. (,) - cycle):
y - a bolt (quivered)
Press: ? - help, Shift-Dir - straight line, f/p - Pikel
Aim: Pikel, wielding a whip of freezing and wearing a glowing robe (heavily wounded)
You shoot a bolt. The bolt barely misses Pikel.
The slave hits you.
* * * LOW HITPOINT WARNING * * *
The slave hits you.
* * * LOW HITPOINT WARNING * * *
The slave hits you!
You die...

......#.....# ##.........
.....((.(..####..........
#.(..................... #
#...((.................. . #.
#.....(.................
...#.###......(................
...#........(.(................
............(pKp....#..........
...#.%....##.p@p..###..........
. #............### ##........
#..........### #..>..#
####..........# ######
..............# ..........#####
###########


You could see Pikel and 4 slaves.

Vanquished Creatures
  Sigmund (D:3)
  A phantom (D:4)
  A quasit (D:3)
  A bullfrog skeleton (D:4)
  2 iguanas
  3 gnolls (D:3)
  8 adders
  2 river rats (D:3)
  An ooze (D:3)
  5 worms
  A leopard gecko (D:3)
  An orc (D:3)
  5 ball pythons
  3 giant cockroaches
  6 goblins
  7 hobgoblins
  3 jackals (D:2)
  5 bats
  3 frilled lizards
  5 kobolds
  7 rats
71 creatures vanquished.

Notes
Turn   | Place    | Note
-------+----------+-------------------------------------------
     0 | D:1      | straycat the Vampire Wanderer began the quest for the Orb.
     0 | D:1      | straycat set off with: a +2 hand crossbow, 28 bolts, a +0 mace, Maocvag's Reference Book on Snow, a +0 robe, a potion of blood
     0 | D:1      | Reached XP level 1. HP: 16/16 MP: 1/1
     0 | D:1      | Identified Maocvag's Reference Book on Snow
   140 | D:1      | Reached XP level 2. HP: 21/22 MP: 2/2
   299 | D:1      | Reached skill level 2 in Stealth
   837 | D:2      | Reached XP level 3. HP: 28/28 MP: 3/3
   933 | D:2      | Reached skill level 1 in Dodging
  1141 | D:2      | Reached skill level 1 in Short Blades
  1237 | D:2      | Found an iron altar of Okawaru.
  1507 | D:3      | Reached XP level 4. HP: 34/34 MP: 5/5
  1510 | D:3      | Reached skill level 1 in Spellcasting
  1515 | D:3      | Reached skill level 3 in Stealth
  1659 | D:3      | Reached skill level 1 in Armour
  1769 | D:3      | Found a sparkling altar of Nemelex Xobeh.
  1791 | D:3      | Learned a level 1 spell: Corona
  1803 | D:3      | Reached XP level 5. HP: 21/40 MP: 6/6
  1891 | D:3      | Noticed Sigmund
  2069 | D:3      | Learned a level 2 spell: Ensorcelled Hibernation
  2073 | D:2      | Learned a level 1 spell: Freeze
  2222 | D:3      | Reached skill level 1 in Hexes
  2505 | D:3      | Killed Sigmund
  2505 | D:3      | Reached XP level 6. HP: 34/47 MP: 4/8
  2636 | D:4      | Reached skill level 4 in Stealth
  2783 | D:4      | Reached XP level 7. HP: 17/52 MP: 5/9
  3048 | D:4      | Noticed Pikel
  3060 | D:4      | Slain by a slave

Skill      XL: |  1  2  3  4  5  6 |
---------------+-------------------+-----
Fighting       | 2 3 |  3.6
Stealth        | 2 3 4 |  4.4
Dodging        | 1 2 3 |  3.7
Short Blades   | 1 2 |  2.7
Spellcasting   | 1 |  1.9
Armour         | 1 |  1.6
Hexes          | 2 |  2.4
Crossbows      | |  2.4
Shields        | |  1.0
Ice Magic      | |  3.0

Action                   |  1- 3 |  4- 6 |  7- 9 || total
-------------------------+-------+-------+-------++-------
 Fire: Hand crossbow     |    87 |   109 |    13 ||   209
Throw: Javelin           |       |     4 |       ||     4
       Stone             |       |     2 |       ||     2
       Throwing net      |       |     1 |       ||     1
 Cast: Freeze            |       |     3 |       ||     3
       Ensorcelled Hiber |       |     1 |       ||     1
  Use: Potion            |       |     8 |     1 ||     9
Armor: Robe              |     2 |       |       ||     2
       Ring mail         |     7 |    11 |    10 ||    28
Dodge: Dodged            |    12 |    30 |    19 ||    61
